Map: 2000 Atmospheres LE

Players

FLORENCIO - Winner!

  • Race: Protoss Protoss
  • League: Platinum

페미여왕배리나

  • Race: Zerg Zerg
  • League: Diamond

VOD

Have the link to the VOD?

Description

Time

  • Played on: May 25, 2021, 3:21 p.m.
  • Length: 18:09
Show
View Real Time Build Order
Export as new Build Order

FLORENCIO Protoss - Winner!

Build Orders: Cannon Rush 

Get SALT Encoding   

  12  0:01  Probe (Chrono Boost)  
  13  0:12  Probe (Chrono Boost)  
  14  0:20  Pylon  
  14  0:21  Probe  
  15  0:38  Forge  
  15  0:46  Gateway  
  15  0:53  Pylon  
  15  1:06  Assimilator  
  15  1:11  Assimilator  
  15  1:28  Pylon  
  15  1:45  Photon Cannon  
  15  1:46  Photon Cannon  
  15  1:53  Photon Cannon  
  15  1:59  Photon Cannon  
  15  2:14  Probe  
  15  2:15  Pylon  
  16  2:24  Assimilator  
  16  2:28  Assimilator  
  16  2:43  Photon Cannon  
  16  2:47  Photon Cannon  
  16  2:53  Probe (Chrono Boost)  
  17  3:03  Probe (Chrono Boost)  
  18  3:11  Cybernetics Core  
  18  3:27  Photon Cannon  
  18  3:39  Pylon  
  18  3:46  Probe  
  19  3:59  Pylon  
  19  4:02  Probe (Chrono Boost)  
  20  4:12  Probe (Chrono Boost)  
  21  4:17  Probe (Chrono Boost)  
  22  4:27  Stargate  
  22  4:37  Stargate  
  22  4:46  Probe (Chrono Boost)  
  23  4:56  Probe (Chrono Boost)  
  24  5:08  Void Ray (Chrono Boost)  
  28  5:17  Photon Cannon  
  28  5:21  Void Ray (Chrono Boost)  
  32  5:38  Probe  
  32  5:40  Shield Battery  
  32  5:51  Probe  
  32  5:55  Void Ray  
  37  6:04  Void Ray  
  41  6:55  Void Ray  
  45  7:25  Pylon  
  45  7:28  Pylon  
  45  7:54  Stargate  
  45  8:00  Nexus  
  45  8:02  Pylon  
  45  8:03  Pylon  
  45  8:11  Assimilator  
  45  8:13  Assimilator  
  51  8:27  Oracle x2 (Chrono Boost)  
  51  8:35  Oracle (Chrono Boost)  
  51  8:37  Pylon  
  54  8:47  Pylon  
  54  8:48  Photon Cannon  
  54  8:57  Oracle  
  57  9:15  Oracle  
  61  9:25  Probe x2 (Chrono Boost)  
  62  9:36  Oracle  
  62  9:37  Probe (Chrono Boost)  
  67  9:41  Probe (Chrono Boost)  
  68  9:46  Oracle, Probe (Chrono Boost)  
  73  9:53  Probe x2 (Chrono Boost)  
  73  9:58  Oracle, Probe (Chrono Boost)  
  76  10:00  Probe  
  78  10:09  Probe  
  78  10:12  Probe  
  76  10:21  Oracle (Chrono Boost)  
  79  10:31  Pylon  
  79  10:34  Pylon  
  82  10:39  Oracle (Chrono Boost)  
  85  10:50  Oracle (Chrono Boost), Pylon  
  70  11:37  Oracle (Chrono Boost)  
  76  11:42  Oracle (Chrono Boost)  
  76  11:43  Oracle (Chrono Boost)  
  72  12:07  Twilight Council  
  72  12:11  Oracle (Chrono Boost)  
  72  12:12  Gateway x2  
  72  12:15  Gateway  
  78  12:16  Gateway, Oracle (Chrono Boost)  
  78  12:19  Gateway  
  78  12:31  Oracle  
  81  12:41  Oracle  
  80  12:57  Charge  
  77  13:08  Zealot (Chrono Boost)  
  77  13:09  Zealot x2 (Chrono Boost)  
  87  13:13  Zealot x2 (Chrono Boost)  
  87  13:19  Pylon  
  87  13:32  Zealot x3 (Chrono Boost)  
  93  13:34  Pylon  
  93  13:37  Zealot x2 (Chrono Boost)  
  93  13:38  Pylon  
  99  13:58  Zealot (Chrono Boost)  
  105  14:03  Probe  
  105  14:04  Zealot (Chrono Boost), Pylon  
  105  14:05  Zealot x2 (Chrono Boost)  
  105  14:09  Zealot (Chrono Boost)  
  108  14:13  Phoenix  
  110  14:20  Zealot (Chrono Boost)  
  112  14:25  Zealot  
  114  14:38  Oracle  
  115  14:59  Phoenix x2 (Chrono Boost)  
  99  15:15  Phoenix (Chrono Boost)  
  99  15:20  Pylon  
  95  15:27  Phoenix x2 (Chrono Boost)  
  73  15:31  Phoenix (Chrono Boost)  
  73  15:33  Zealot  
  73  15:34  Zealot x2  
  69  15:47  Phoenix x2  
  70  15:54  Zealot x2  
  70  15:55  Phoenix  
  75  16:12  Phoenix  
  77  16:28  Stalker x4  
Show
View Real Time Build Order
Export as new Build Order

페미여왕배리나 Zerg 

Build Orders: Hatch First, Ravager All-In 

Get SALT Encoding   

  12  0:00  Drone  
  13  0:08  Drone  
  14  0:17  Overlord  
  14  0:35  Drone x2  
  14  0:36  Drone  
  17  0:47  Drone  
  18  1:04  Hatchery  
  18  1:10  Spawning Pool  
  16  1:12  Drone  
  16  1:16  Drone  
  18  1:28  Drone  
  19  1:52  Hatchery  
  18  1:57  Zergling x6  
  21  2:09  Queen, Roach Warren  
  21  2:12  Overlord  
  22  2:35  Drone x2  
  24  2:38  Extractor  
  24  2:40  Drone  
  24  2:41  Drone  
  26  2:44  Zergling x2  
  26  2:54  Extractor  
  25  3:04  Drone x2  
  27  3:05  Zergling x2  
  27  3:10  Queen  
  25  3:37  Drone  
  25  3:38  Drone x2  
  27  3:50  Roach x3  
  27  3:54  Roach  
  33  3:57  Roach  
  35  4:03  Hatchery  
  34  4:15  Overlord  
  34  4:16  Overlord  
  34  4:33  Ravager  
  34  4:34  Ravager x3  
  38  4:40  Zergling x8  
  42  4:54  Ravager  
  41  5:09  Roach x2  
  45  5:15  Drone, Queen  
  45  5:21  Lair  
  48  5:25  Drone  
  49  5:33  Hatchery  
  48  5:37  Drone  
  48  5:55  Drone x2  
  50  5:57  Spore Crawler  
  46  6:07  Spore Crawler  
  45  6:13  Drone x2  
  41  6:27  Hydralisk Den  
  41  6:28  Drone x2  
  41  6:30  Drone  
  41  6:31  Drone  
  44  6:37  Spore Crawler  
  43  6:46  Spore Crawler  
  43  6:50  Drone, Queen  
  45  7:03  Muscular Augments  
  45  7:04  Drone x3  
  46  7:13  Spore Crawler  
  46  7:14  Hydralisk x2  
  48  7:26  Hydralisk x2  
  47  7:48  Hydralisk x2  
  47  7:50  Overlord x4  
  47  8:01  Hydralisk x2  
  51  8:06  Extractor  
  50  8:13  Drone x3  
  50  8:14  Drone x2  
  55  8:21  Drone x2  
  57  8:27  Grooved Spines  
  57  8:33  Drone  
  57  8:34  Drone x2  
  60  8:51  Hydralisk  
  60  8:52  Hatchery  
  61  8:56  Hydralisk  
  63  9:05  Queen  
  63  9:09  Overseer  
  65  9:12  Hydralisk x2  
  69  9:25  Extractor  
  68  9:44  Hydralisk x3  
  68  9:45  Overlord x2  
  72  9:57  Hatchery  
  69  10:09  Hydralisk x2  
  73  10:28  Extractor  
  72  10:37  Drone x3  
  72  10:38  Spore Crawler  
  72  10:39  Spore Crawler  
  72  10:42  Hatchery  
  72  10:47  Overlord x2  
  72  10:56  Hydralisk x2  
  49  11:11  Hydralisk  
  49  11:12  Hydralisk x8  
  67  11:22  Hydralisk  
  67  11:23  Hydralisk  
  67  11:29  Hydralisk  
  56  11:34  Hydralisk  
  50  11:44  Drone x2  
  51  11:47  Drone  
  51  11:49  Drone  
  51  11:53  Metabolic Boost  
  53  12:02  Drone x2  
  53  12:04  Drone  
  53  12:05  Drone  
  57  12:08  Drone  
  57  12:11  Drone  
  57  12:15  Drone  
  60  12:16  Drone  
  60  12:19  Drone  
  60  12:22  Drone  
  63  12:24  Drone  
  60  12:30  Drone  
  60  12:32  Spore Crawler  
  60  12:41  Drone x2  
  60  12:43  Drone x3  
  38  13:01  Spore Crawler  
  38  13:02  Spire, Hydralisk x2  
  40  13:07  Drone x2  
  40  13:10  Drone  
  40  13:11  Drone x2  
  45  13:15  Hydralisk  
  47  13:20  Hydralisk  
  47  13:23  Hydralisk  
  51  13:27  Hydralisk  
  51  13:31  Hydralisk  
  51  13:33  Hydralisk  
  55  13:38  Drone x2  
  59  13:47  Drone  
  60  14:06  Queen  
  60  14:08  Queen  
  64  14:15  Mutalisk  
  64  14:16  Mutalisk x7  
  80  14:21  Drone x3  
  83  14:30  Mutalisk  
  86  14:31  Drone x2  
  86  14:32  Drone x2  
  86  14:36  Spore Crawler  
  86  14:37  Mutalisk  
  74  14:58  Mutalisk x2  
  78  15:01  Zergling x2  
  78  15:02  Zergling x8  
  61  15:07  Zergling x2  
  62  15:20  Spine Crawler  
  62  15:21  Zergling x4, Spine Crawler  
  50  15:22  Mutalisk  
  50  15:26  Zergling x2  
  44  15:39  Drone  
  45  15:44  Drone  
  45  15:45  Drone x2  
  45  15:46  Drone  
  45  15:47  Drone  
  50  15:55  Hatchery  
  49  15:58  Drone x2  
  49  16:00  Drone x2  
  49  16:16  Hydralisk  
  39  16:23  Extractor, Drone x3  
  39  16:24  Extractor  
  30  16:25  Queen  
  30  16:32  Drone x2  
  34  16:33  Drone  
Tags
 
Add a new tag
Caveats
  • Supply blocks, unpowered buildings, or Contaminate may cause inaccurate times.
  • Supply counts are checked every 10 seconds.